 Dungeon Crawl Stone Soup version 0.18.1-8-gdd0e5ea (webtiles) character file.

5 M4edhros the Grave Robber (level 1, -1/11 HPs)
             Began as an Octopode Necromancer on June 6, 2016.
             Slain by a kobold
             ... wielding a +0 short sword
              (5 damage)
             ... on level 1 of the Dungeon.
             The game lasted 00:00:34 (98 turns).

M4edhros the Grave Robber (Octopode Necromancer)      Turns: 98, Time: 00:00:34

Health: -1/11      AC:  1    Str:  7    XL:     1   Next: 80%
Magic:  2/3        EV: 12    Int: 17    God:
Gold:   61         SH:  0    Dex: 12    Spells: 2 memorised, 2 levels left

rFire  . . .     SeeInvis .       - Unarmed
rCold  . . .     Gourm    .     (no shield)
rNeg   . . .     Faith    .     (helmet restricted)
rPois  .         Spirit   .     (no amulet)
rElec  .         Dismiss  .     (no ring)
rCorr  .         Reflect  .     (no ring)
SustAt .         Harm     .     (no ring)
MR     .....                    (no ring)
Stlth  +++.......               (no ring)
                                (no ring)
                                (no ring)
                                (no ring)

@: not resistant to hostile enchantments, fairly stealthy
A: almost no armour, amphibious, 8 rings, constrict 8, camouflage 1, gelatinous
body 1
a: no special abilities


You were on level 1 of the Dungeon.
You were not hungry.

You visited 1 branch of the dungeon, and saw 1 of its levels.

You collected 61 gold pieces.

Inventory:

Books
 a - a book of Necromancy

   Spells                             Type                      Level
   a - Pain                           Necromancy                   1
   b - Animate Skeleton               Necromancy                   1
   c - Vampiric Draining              Necromancy                   3
   d - Regeneration                   Charms/Necromancy            3
   e - Animate Dead                   Necromancy                   4
   f - Control Undead                 Necromancy                   4
Comestibles
 b - a bread ration
 c - 4 chunks of flesh


   Skills:
 - Level 2.0 Dodging
 - Level 2.6 Stealth
 + Level 1.3 Unarmed Combat
 - Level 2.0 Spellcasting
 - Level 4.0 Necromancy


You had 2 spell levels left.
You knew the following spells:

 Your Spells              Type           Power        Failure   Level  Hunger
a - Pain                  Necr           ###.         3%          1    #......
b - Animate Skeleton      Necr           N/A          3%          1    #......


Dungeon Overview and Level Annotations

Branches:
Dungeon (1/15)

Altars:


Innate Abilities, Weirdness & Mutations

You cannot wear most types of armour.
You are amphibious.
You can wear up to eight rings at the same time.
You can use your tentacles to constrict eight enemies at once.
Your skin changes colour to match your surroundings (Stealth).
Your rubbery body absorbs attacks (AC +1).


Message History

Things that are here:
a stone; 15 gold pieces You now have 54 gold pieces (gained 15).
You see here a stone.
You see here 7 gold pieces.
You now have 61 gold pieces (gained 7).
You see here a stone.
The kobold hits you but does no damage.
You barely miss the kobold. Your grab misses the kobold.
The kobold hits you with a short sword.
You closely miss the kobold. Your grab misses the kobold.
The kobold hits you with a short sword.
Your hobgoblin skeleton barely misses the kobold.
You closely miss the kobold. Your grab misses the kobold.
The kobold closely misses you.
Your hobgoblin skeleton misses the kobold.
You closely miss the kobold. You grab the kobold.
You constrict the kobold, but do no damage.
The kobold hits you with a short sword.
You die...

+... #...#+#### #........#
#........# #........#
#.......# ##....(..#
#...(((####
#....@....##.........
#...K..##.#..........#
#....Z.#..............
#####......#.≈≈≈≈≈.≈≈≈≈..#
.......†...#.≈≈≈≈≈.≈≈≈≈.##
...........#.≈≈≈≈≈.≈≈≈≈..#
......###....≈≈≈≈≈.≈≈≈≈...
...... #..........≈≈≈≈..#
...... #....≈≈≈≈......†##


You could see a kobold and a friendly hobgoblin skeleton.

Vanquished Creatures
  A bat (D:1)
  A hobgoblin (D:1)
  A giant newt (D:1)
  A kobold (D:1)
  2 rats (D:1)
6 creatures vanquished.

Notes
Turn   | Place    | Note
--------------------------------------------------------------
     0 | D:1      | M4edhros the Octopode Necromancer began the quest for the Orb.
     0 | D:1      | Reached XP level 1. HP: 11/11 MP: 3/3
    35 | D:1      | Reached skill level 1 in Unarmed Combat
    53 | D:1      | Learned a level 1 spell: Animate Skeleton
    98 | D:1      | Slain by a kobold

Skill      XL: |  1 |
---------------+----+-----
Unarmed Combat | 1 |  1.3
Dodging        | |  2.0
Stealth        | |  2.6
Spellcasting   | |  2.0
Necromancy     | |  4.0

Action                   || total
-------------------------++-------
Melee: Unarmed           ||    13
       Constrict         ||     3
 Cast: Pain              ||     4
       Animate Skeleton  ||     2
Armor: Skin              ||     3
Dodge: Dodged            ||    12
